 Dungeon Crawl Stone Soup version 0.31-a0-986-g5e6e4ef867 (webtiles) character file.

Game seed: 3791104511518972509

793 croobank the Sneak (level 7, -6/45 HPs)
             Began as an Octopode Fire Elementalist on Nov 3, 2023.
             Was an Initiate of Ashenzari.
             Mangled by an iguana (9 damage)
             ... on level 6 of the Dungeon.
             The game lasted 00:12:31 (5792 turns).

croobank the Sneak (Octopode Fire Elementalist)     Turns: 5792, Time: 00:12:32

Health: -6/45      AC:  1    Str:  8    XL:     7   Next: 88%
Magic:  13/13      EV: 14    Int: 19    God:    Ashenzari [......]
Gold:   48         SH:  5    Dex: 12    Spells: 8/14 levels left

rFire   + + .        a - +0 dagger (freeze)
rCold   x x .        (no shield)
rNeg    . . .        (helmet restricted)
rPois   +            n - amulet of reflection
rElec   .            f - ring of flight
rCorr   .            i - ring of fire
SInv    .            j - ring of fire
Will    .....        t - ring of poison resistance
Stlth   ++++         (no ring)
HPRegen 0.27/turn    (no ring)
MPRegen 0.13/turn    (no ring)
                     (no ring)

%: reflection
@: flying
A: almost no armour, amphibious, 8 rings, camouflage 1, gelatinous body 1,
(nimble swimmer 1), tentacles
a: Renounce Religion


You were on level 6 of the Dungeon.
You worshipped Ashenzari.
Ashenzari was noncommittal.
You visited 2 branches of the dungeon, and saw 7 of its levels.
You also visited: Sewer.

You collected 288 gold pieces.
You spent 240 gold pieces at shops.

Inventory:

Hand Weapons
 a - a +0 dagger of freezing (weapon)
 d - a +0 trident
Missiles
 g - 4 boomerangs
Jewellery
 e - an amulet of regeneration
 f - a ring of flight (left tentacle)
 i - a ring of fire (right tentacle)
 j - a ring of fire (on tentacle)
 n - an amulet of reflection (around mantle)
 p - a +6 ring of strength
 t - a ring of poison resistance (on tentacle)
Talismans
 r - a beast talisman
Scrolls
 b - 2 scrolls of immolation
 c - 4 scrolls of identify
 h - a scroll of fear
 k - a scroll of blinking
 l - a scroll of noise
 s - a scroll of brand weapon
Potions
 m - a potion of heal wounds
 o - a potion of attraction
 q - 4 potions of enlightenment


   Skills:
 + Level 2.4 Fighting
 + Level 3.4 Dodging
 + Level 5.1 Stealth
 * Level 4.0 Spellcasting
 + Level 3.0 Conjurations
 + Level 2.1 Hexes
 * Level 4.8 Fire Magic


You had 8 spell levels left.
You knew the following spells:

 Your Spells              Type           Power      Damage    Failure   Level
a - Foxfire               Conj/Fire      100%       2x1d9     2%          1
b - Scorch                Fire           100%       2d9       2%          2
c - Inner Flame           Hex/Fire       38%        N/A       10%         3

Your spell library contained the following spells:

 Spells                   Type           Power      Damage    Failure   Level
 Ensorcelled Hibernation  Hex/Ice        14%        N/A       13%         2
 Sting                    Tmut/Pois      12%        1d3       14%         1
 Volatile Blastmotes      Fire/Tloc      58%        2d14      16%         3
 Passwall                 Tmut/Erth      2%         N/A       21%         2
 Poisonous Vapours        Pois/Air       6%         N/A       21%         2
 Flame Wave               Conj/Fire      42%        2d11      26%         4
 Swiftness                Air            3%         N/A       38%         3
 Olgreb's Toxic Radiance  Pois           3%         N/A       80%         4
 Passage of Golubria      Tloc           3%         N/A       80%         4
 Silence                  Hex/Air        3%         N/A       94%         5
 Lehudib's Crystal Spear  Conj/Erth      4%         10d3      100%        8


Dungeon Overview and Level Annotations

Branches:
Dungeon (6/15)             Temple (1/1) D:5           Sewer (visited)

Altars:
Ashenzari
Cheibriados
Dithmenos
Elyvilon
Gozag
Hepliaklqana
Kikubaaqudgha
Makhleb
Nemelex Xobeh
Okawaru
Qazlal
Ru
Sif Muna
Trog
Vehumet
Wu Jian
Xom
Yredelemnul
Zin
The Shining One

Shops:
D:5 =

Annotations:
D:6 Menkaure


Innate Abilities, Weirdness & Mutations

You cannot wear most types of armour.
You are amphibious.
You can wear up to eight rings at the same time.
Your skin changes colour to match your surroundings (Stealth+).
Your rubbery body absorbs attacks. (AC +1, EV +1)
((You are camouflaged when in or above water. (Stealth+)))
You have tentacles for arms and can constrict up to eight enemies at once.


Message History

The shadow imp shouts!
The iguana hisses angrily.
You hit Menkaure. Your grab misses Menkaure.
Menkaure is lightly damaged.
You hear a shout!
Menkaure closely misses you.
You hit Menkaure but do no damage. Your grab misses Menkaure.
Menkaure is lightly damaged.
Menkaure hits you.
You hit Menkaure but do no damage. You grab Menkaure.
Menkaure is lightly damaged.
You constrict Menkaure, but do no damage.
Menkaure hits you!
You hit Menkaure but do no damage.
Menkaure is lightly damaged.
You constrict Menkaure, but do no damage.
You block the shadow imp's attack.
Menkaure gestures at you while chanting.
Pain shoots through your body!
You hit Menkaure. You squeeze Menkaure.
Menkaure is moderately damaged.
You constrict Menkaure.
An orc comes into view. It is wielding a +0 flail.
You block the shadow imp's attack.
You hit Menkaure but do no damage.
Menkaure is moderately damaged.
You constrict Menkaure. Menkaure misses you. You block the iguana's attack.
The shadow imp completely misses you.
You barely miss Menkaure. You squeeze Menkaure!
Menkaure is severely damaged.
You constrict Menkaure. Menkaure barely misses you. The iguana bites you!
* * * LOW HITPOINT WARNING * * *
The shadow imp closely misses you.
You hit Menkaure.
Menkaure is severely damaged.
You constrict Menkaure. Menkaure casts a spell at you.
You struggle to resist.
The shadow imp hits you.
* * * LOW HITPOINT WARNING * * *
The iguana bites you!
You die...

..... ..♣.... .......
....♣.. .......
.....♣. .......
...o..P .......####
....... ......./...
##.......
...........###5.......
..... #....##@l......
.....####.....M##..##.
#........##.....# ...
.........##.....# .
##......>###.####
#........# ###
#........# .......<##
#........#


You could see Menkaure, an iguana, a shadow imp and an orc.

Vanquished Creatures
  An ice beast (D:4)
  An ogre (D:5)
  2 phantoms
  A scorpion (D:5)
  A jelly (D:5)
  A hound (D:5)
  3 iguanas
  10 adders
  8 river rats
  A worm (D:2)
  5 dart slugs
  4 orcs
  8 bats
  7 endoplasms
  5 giant cockroaches
  2 goblins
  9 hobgoblins
  3 jackals
  10 quokkas
  10 ball pythons
  4 frilled lizards
  6 kobolds
  6 rats
108 creatures vanquished.

Vanquished Creatures (others)
  223 foxfires
223 creatures vanquished.

Grand Total: 331 creatures vanquished

Notes
Turn   | Place    | Note
-------+----------+-------------------------------------------
     0 | D:1      | croobank the Octopode Fire Elementalist began the quest for
                  | the Orb.
     0 | D:1      | Reached XP level 1. HP: 11/11 MP: 3/3
   193 | D:1      | Reached skill level 3 in Stealth
   193 | D:1      | Reached XP level 2. HP: 17/17 MP: 0/5
   433 | D:1      | Learned a level 2 spell: Scorch
   554 | D:1      | Reached XP level 3. HP: 21/21 MP: 3/6
  1300 | D:2      | Reached XP level 4. HP: 27/27 MP: 1/7
  1304 | D:2      | Learned a level 3 spell: Inner Flame
  2502 | D:3      | Reached skill level 1 in Fighting
  3014 | D:4      | Reached XP level 5. HP: 26/33 MP: 3/9
  3068 | D:4      | Found a glowing drain.
  3136 | Sewer    | Entered a sewer
  3353 | Sewer    | Reached skill level 1 in Hexes
  3355 | Sewer    | Reached skill level 4 in Stealth
  3432 | Sewer    | Reached XP level 6. HP: 38/38 MP: 7/10
  3902 | D:4      | Found a glowing silver altar of Zin.
  4317 | D:4      | Noticed an ice beast
  4320 | D:4      | Killed an ice beast
  4321 | D:4      | Reached XP level 7. HP: 20/44 MP: 5/12
  4640 | D:5      | Entered Level 5 of the Dungeon
  4706 | D:5      | Found a stormy altar of Qazlal.
  4972 | D:5      | Found Zytamud's Jewellery Shoppe.
  4981 | D:5      | Bought a ring of poison resistance for 240 gold pieces
  5152 | D:5      | Reached skill level 5 in Stealth
  5229 | D:5      | Found a staircase to the Ecumenical Temple.
  5249 | Temple   | Entered the Ecumenical Temple
  5276 | Temple   | Became a worshipper of Ashenzari the Shackled
  5778 | D:6      | Noticed Menkaure
  5792 | D:6      | Mangled by an iguana

Illustrated notes

Levels and vault maps discovered:
D:1:      saegor_arrival_simple_b, layout_rooms, nrook_loot_triangle
D:2:      layout_basic
D:3:      layout_loops_ring, hangedman_decor_diamond_cutter,
          kennysheep_generic_room_5
D:4:      nicolae_cairo_tiling, layout_rooms, lemuel_round_altar,
          portal_sewer_entry_e, minivault_11
D:5:      layout_basic, grunt_qazlal_sundering, minmay_temple_entry_wispy,
          serial_shops, nicolae_square_shop
D:6:      lemuel_castle_with_subvaults [lemuel_castle_interior_carwin_3],
          layout_cave_pools, nicolae_uskayaw_suspiria, minivault_14,
          minmay_misc_feat_columns, serial_bayou_pond_a, serial_park_tiny_2,
          roderic_roman_lattice, uniq_menkaure
Temple:   mainiacjoe_temple_bowtie_tessellation

Skill      XL: |  1  2  3  4  5  6  7 |
---------------+----------------------+-----
Stealth        | 3 4 5 |  5.1
Conjurations   | 2 3 |  3.0
Fighting       | 1 2 |  2.4
Spellcasting   | 3 4 |  4.0
Hexes          | 1 2 |  2.1
Fire Magic     | 4 |  4.8
Dodging        | 3 |  3.4

Action                     |  1- 3 |  4- 6 |  7- 9 || total
---------------------------+-------+-------+-------++-------
  Melee: Unarmed           |    15 |       |       ||    15
         Constrict         |     9 |     7 |     4 ||    20
         Tentacles         |     6 |     7 |     4 ||    17
         Punch             |     1 |     1 |       ||     2
         Dagger            |    18 |    20 |    25 ||    63
   Cast: Foxfire           |    47 |    70 |     8 ||   125
         Scorch            |       |    23 |     8 ||    31
    Use: Potion            |     1 |       |       ||     1
         Scroll            |       |     5 |     7 ||    12
   Stab: Sleeping          |     4 |     4 |     3 ||    11
         Distracted        |       |       |     1 ||     1
 Armour: Skin              |    16 |    17 |    10 ||    43
  Dodge: Dodged            |    29 |    16 |    12 ||    57
  Block: Other             |       |       |     5 ||     5

Table legend: (Time is in decaauts)
 A = Elapsed time spent in this place.
 B = Non-inter-level travel time spent in this place.
 C = Inter-level travel time spent in this place.
 D = Time resting spent in this place.
 E = Time spent auto-exploring this place.
 F = Levels seen in this place.
 G = Mean time per level.
                   A        B        C        D        E       F      G
               +--------+--------+--------+--------+--------+-----+--------+
         Total |   5788 |   5650 |    138 |   1122 |   3490 |   8 |  723.5 |
       Dungeon |   5003 |   4916 |     87 |    944 |   3202 |   6 |  833.8 |
        Temple |     52 |      1 |     51 |      0 |      0 |   1 |   52.0 |
         Sewer |    731 |    731 |      0 |    178 |    288 |   1 |  731.0 |
               +--------+--------+--------+--------+--------+-----+--------+

Top non-repeatable levels by time:
     D:3: 1281 daAuts
     D:5: 1079 daAuts
     D:4: 934 daAuts
     D:2: 893 daAuts
     D:1: 795 daAuts
   Sewer: 731 daAuts
  Temple: 52 daAuts
     D:6: 18 daAuts
